AoeStats
← Oldspice

African Clearing

505764244Analyzed
3v3 RM · 22d ago on Sep 10, 2026· 22m 58s· 6 players
Game mode
Random Map
Map size
Normal (6 player)
Population
200
Speed
Normal
Resources
Standard
Victory
Conquest
Starting age
Dark Age
Ending age
Imperial Age
RankedLock teamsTeams togetherTeam positionsShared explorationLock speedFull tech treeHidden civsTurbo modeCheats
Victory
Defeat
🇺🇸 Jurchens · United States
1509
+13
🇺🇸 Khitans · United States
1418
+17
🇺🇸 Hindustanis · United States
1395
+18
🇨🇿 Mongols · Czechia
1538
-20
🇧🇷 Mapuche · Brazil
1409
-15
🇨🇱 Persians · Chile
1374
-13
Oldspice
13:34 Feudal Age
13:39 Loom
17:58 Castle Age
15:50 Double-Bit Axe
15:53 Horse Collar
20:53 Padded Archer Armor
TheHairlessBear
8:32 Loom
12:58 Feudal Age
15:21 Forging
15:56 Scale Barding Armor
19:55 Town Watch
24:26 Castle Age
Dr. Pipe
8:26 Loom
13:54 Feudal Age
14:50 Double-Bit Axe
19:10 Scale Barding Armor
20:05 Forging
22:14 Horse Collar
Bananaman651
8:00 Loom
14:39 Feudal Age
15:16 Double-Bit Axe
18:02 Castle Age
16:54 Forging
17:29 Scale Barding Armor
19:33 Bow Saw
20:52 Husbandry
23:10 Bloodlines
Karzul
10:38 Loom
12:43 Feudal Age
16:38 Castle Age
14:49 Double-Bit Axe
16:38 Fletching
17:49 Bodkin Arrow
Cris.GCH
10:20 Loom
12:08 Feudal Age
14:13 Double-Bit Axe
17:12 Castle Age
17:48 Bow Saw
20:57 Fletching
23:09 Bodkin Arrow
Connection lost

Rejoining the realm…

Still unreachable

The connection could not be restored.

Session expired

The server has moved on; the page needs a fresh start.